 Dungeon Crawl Stone Soup version 0.20.0-4-g10b340a (webtiles) character file.

17754 nikopol the Cleaver (level 12, 0/75 HPs)
             Began as a Gargoyle Fighter on May 27, 2017.
             Was a High Priest of Okawaru.
             Slain by a seven-headed hydra (6 damage)
             ... on level 3 of the Lair of Beasts.
             The game lasted 00:48:57 (16347 turns).

nikopol the Cleaver (Gargoyle Fighter)             Turns: 16347, Time: 00:48:58

Health: 0/75       AC: 31    Str: 25    XL:     12   Next: 51%
Magic:  10/12      EV: 12    Int: 14    God:    Okawaru [*****.]
Gold:   234        SH: 14    Dex: 10    Spells: 11/11 levels left

rFire    + . .     SeeInvis .   z - +4 flail (crush)
rCold    . . .     Gourm    .   c - +0 shield
rNeg     + . .     Faith    .   N - +0 chain mail
rPois    ∞         Spirit   .   S - +1 hat {Int+3}
rElec    +         Reflect  .   l - +0 cloak
rCorr    .         Harm     .   k - +1 pair of gloves {archery}
MR       .....                  M - +2 pair of boots
Stlth    ..........             (no amulet)
Regen    0.3/turn               q - +3 ring of intelligence
MPRegen  0.2/turn               r - ring of protection from fire

@: heroism
A: negative energy resistance 1, electricity resistance, unbreathing,
petrification resistance, rot immunity, AC +8
a: Heroism, Finesse, Renounce Religion


You were on level 3 of the Lair of Beasts.
You worshipped Okawaru.
Okawaru was extremely pleased with you.
You were not hungry.

You visited 3 branches of the dungeon, and saw 13 of its levels.

You collected 872 gold pieces.
You spent 638 gold pieces at shops.

Inventory:

Hand Weapons
 a - the +6 war axe "Killer Bee's Bane" {flame, MR- Str+5 Int+7}
   (You found it on level 2 of the Lair of Beasts)

   It has been specially enchanted to burn those struck by it, causing extra
   injury to most foes and up to half again as much damage against particularly
   susceptible opponents.
   Big, fiery blades are also staple armaments of hydra-hunters.
   It affects your strength (+5).
   It affects your intelligence (+7).
   It affects your resistance to hostile enchantments.
 p - a +4 hand axe
 y - a -2 hand axe
 z - a +4 flail of crushing (weapon)
 I - a +1 war axe
Missiles
 n - 4 throwing nets (quivered)
Armour
 c - a +0 shield (worn)
 k - a +1 pair of gloves of archery (worn)
 l - a +0 cloak (worn)
 M - a +2 pair of boots (worn)
 N - a +0 chain mail (worn)
 R - the +2 pair of gloves of Light {rPois MR- Str+5}
   (You found it on level 2 of the Lair of Beasts)

   It affects your strength (+5).
   It protects you from poison.
   It affects your resistance to hostile enchantments.
 S - a +1 hat of intelligence (worn)
Jewellery
 q - a +3 ring of intelligence (left hand)
 r - a ring of protection from fire (right hand)
Wands
 s - a wand of lightning (6/15)
 v - a wand of polymorph (19/24)
 H - a wand of enslavement (7/24)
 L - a wand of confusion (26/48)
Scrolls
 x - 4 scrolls of teleportation
 C - 8 scrolls of identify
 G - a scroll of fog {unknown}
 J - 3 scrolls of remove curse
 K - 2 scrolls of amnesia {unknown}
 O - a scroll of enchant weapon
 P - a scroll of enchant armour {unknown}
 Q - a scroll of magic mapping {unknown}
Potions
 d - a potion of might
 e - 4 potions of curing
 g - 2 potions of agility {unknown}
 m - a potion of mutation {unknown}
 o - 3 potions of brilliance {unknown}
 t - a potion of cancellation {unknown}
 u - a potion of resistance {unknown}
 w - a potion of invisibility {unknown}
 A - 2 potions of lignification {unknown}
 B - 6 potions of haste
 D - 3 potions of degeneration {unknown}
 F - 3 potions of ambrosia {unknown}
Comestibles
 b - 8 chunks of flesh
 f - 11 bread rations
 h - a fruit
 i - 7 meat rations
 j - 21 royal jellies


   Skills:
 + Level 8.8(13.8) Fighting
 + Level 11.9(16.9) Axes
 + Level 1.0(13.5) Maces & Flails
 + Level 0.3(5.3) Throwing
 + Level 10.0(15.0) Armour
 + Level 4.2(9.2) Dodging
 + Level 1.9(6.9) Stealth
 + Level 10.3(15.3) Shields
 + Level 0.6 Evocations


You had 11 spell levels left.
You didn't know any spells.

Dungeon Overview and Level Annotations

Branches:
Dungeon (9/15)             Temple (1/1) D:5            Lair (3/6) D:9
  Swamp (0/4) Lair:3
  Snake: Lair:2-4    Spider: Lair:2-4       Orc: D:9-12

Altars:
Ashenzari
Cheibriados
Dithmenos
Elyvilon
Fedhas
Gozag
Hepliaklqana
Kikubaaqudgha
Makhleb
Nemelex Xobeh
Okawaru
Qazlal
Ru
Sif Muna
Trog
Uskayaw
Vehumet
Xom
Yredelemnul
Zin
The Shining One

Shops:
D:9 ?[%[

Annotations:
D:6 1 runed door
Lair:3 1 runed door


Innate Abilities, Weirdness & Mutations

You are resistant to torment.
Your stone body is resilient. (AC +8)
You are immune to poison.
You resist negative energy. (rN+)
You are resistant to electric shocks. (rElec)
You can survive without breathing.
You are immune to petrification.
You are immune to rotting.


Message History

You block the seven-headed hydra's attack.
The seven-headed hydra bites you but does no damage. x2
You hit the seven-headed hydra.
The seven-headed hydra is moderately wounded.
You bludgeon the seven-headed hydra!!
The seven-headed hydra is severely wounded.
The seven-headed hydra bites you but does no damage. x2
You block the seven-headed hydra's attack.
The seven-headed hydra bites you but does no damage.
You block the seven-headed hydra's attack.
The seven-headed hydra bites you but does no damage.
The seven-headed hydra bites you!
* * * LOW HITPOINT WARNING * * *
You hit the seven-headed hydra.
The seven-headed hydra is severely wounded.
You block the seven-headed hydra's attack. x2
The seven-headed hydra bites you.
* * * LOW HITPOINT WARNING * * *
The seven-headed hydra misses you. The seven-headed hydra bites you.
You die...

.........##### #..#.........####.
.......... ###..P.>......###...
......(....###P....P##.........##
.....#..............###......###
...P#..... ..##.##...###.....#
..####.... ###............###
...# ...# #..##..........##
..##.P.## ##.####..#......##
#..#P...# #@..# #.##........
##.....##P #D..## ...#........
##........ #..>.# ##........
........#. #.#...# .##......#..
......### .(.#..## .........##.
.###.#.# #.. ....# #......####
###..#### #.##...# . ###.....###
#.+.⌠...# ......##.# #.......#
#.#.....## ##...#.# #...#..<.


You could see a seven-headed hydra.

Vanquished Creatures
  A hydra (Lair:3)
  2 two-headed ogres (D:9)
  3 death yaks (Lair:1)
  Pikel (D:4)
  3 oklob plants
  Joseph (Lair:1)
  6 spiny frogs
  A komodo dragon (Lair:1)
  2 tyrant leeches (Lair:3)
  Grinder (D:3)
  A slime creature (Lair:1)
  5 hippogriffs
  A basilisk (D:9)
  18 yaks
  Menkaure (D:7)
  A swamp worm (Lair:3)
  4 water moccasins
  5 porcupines
  An orc warrior (D:5)
  A black bear (D:7)
  2 ice beasts
  A phantom (D:4)
  2 ogres
  4 wolves (Lair:3)
  3 centaurs
  9 crocodiles
  A big kobold (D:4)
  9 bullfrogs
  3 scorpions
  4 killer bees (D:9)
  7 wights
  3 crimson imps
  3 hounds
  3 orc priests
  13 jellies
  2 centaur skeletons
  A bullfrog skeleton (D:6)
  5 worker ants
  2 iguanas (D:4)
  8 orc wizards
  A worker ant zombie (D:6)
  6 adders
  12 gnolls
  A howler monkey skeleton (D:4)
  A shadow imp (D:9)
  19 oozes
  An adder zombie (D:6)
  6 worms
  2 adder skeletons
  4 dart slugs
  7 leopard geckos
  25 orcs
  8 giant cockroaches
  30 goblins
  14 hobgoblins
  5 jackals
  6 kobolds
  2 quokkas
  A ball python (D:6)
  4 bats
  6 frilled lizards
  A leopard gecko skeleton (D:4)
  A quokka skeleton (D:5)
  9 rats
  5 fungi
  A plant (D:9)
322 creatures vanquished.

Vanquished Creatures (others)
  A hound skeleton (D:4)
  A gnoll (D:4)
  10 goblins (D:4)
  6 hobgoblins (D:4)
  2 jackals (D:4)
  A bat (D:4)
  8 fungi
  2 plants
31 creatures vanquished.

Grand Total: 353 creatures vanquished

Notes
Turn   | Place    | Note
-------+----------+-------------------------------------------
     0 | D:1      | nikopol the Gargoyle Fighter began the quest for the Orb.
     0 | D:1      | Reached XP level 1. HP: 14/14 MP: 1/1
   222 | D:1      | Reached XP level 2. HP: 19/19 MP: 2/2
   411 | D:1      | Reached XP level 3. HP: 23/23 MP: 3/3
   413 | D:1      | Reached skill level 2 in Axes
  1276 | D:2      | Found a sacrificial altar of Ru.
  1276 | D:2      | Found a shadowy altar of Dithmenos.
  1282 | D:2      | Found a sparkling altar of Nemelex Xobeh.
  1284 | D:2      | Found a shimmering altar of Xom.
  1286 | D:2      | Found a faded altar of an unknown god.
  1496 | D:3      | Reached XP level 4. HP: 28/28 MP: 4/4
  1704 | D:3      | Reached skill level 3 in Axes
  1706 | D:3      | Reached XP level 5. HP: 18/33 MP: 5/5
  2271 | D:3      | Found a faded altar of an unknown god.
  2432 | D:3      | Noticed Grinder
  2436 | D:3      | Paralysed by Grinder for 2 turns
  2444 | D:3      | Paralysed by Grinder for 6 turns
  2451 | D:4      | Noticed Pikel
  2451 | D:4      | Noticed a slave
  2451 | D:4      | Noticed a slave
  2451 | D:4      | Noticed a slave
  2451 | D:4      | Noticed a slave
  2676 | D:3      | Paralysed by Grinder for 3 turns
  2953 | D:3      | Paralysed by Grinder for 7 turns
  3172 | D:3      | Paralysed by Grinder for 3 turns
  3179 | D:3      | Paralysed by Grinder for 6 turns
  3193 | D:3      | Paralysed by Grinder for 4 turns
  3209 | D:3      | Killed Grinder
  3209 | D:3      | Reached skill level 4 in Axes
  3209 | D:3      | Reached skill level 1 in Dodging
  3209 | D:3      | Reached XP level 6. HP: 25/38 MP: 6/6
  3642 | D:4      | Reached XP level 7. HP: 40/43 MP: 7/7
  3773 | D:4      | Reached skill level 5 in Shields
  3878 | D:4      | Killed Pikel
  3878 | D:4      | Reached skill level 5 in Axes
  3878 | D:4      | Reached XP level 8. HP: 48/48 MP: 8/8
  3878 | D:4      | Reached skill level 5 in Fighting
  4573 | D:4      | Reached skill level 6 in Axes
  4716 | D:4      | Reached skill level 5 in Armour
  5331 | D:5      | Entered Level 5 of the Dungeon
  5506 | D:5      | Reached XP level 9. HP: 54/54 MP: 9/9
  5530 | D:5      | Found a staircase to the Ecumenical Temple.
  5560 | Temple   | Entered the Ecumenical Temple
  5575 | Temple   | Became a worshipper of Warmaster Okawaru
  5807 | D:5      | Reached skill level 7 in Axes
  5807 | D:5      | Reached skill level 1 in Stealth
  7532 | D:6      | Found a runed door.
  7660 | D:6      | Found a deep blue altar of Sif Muna.
  7682 | D:6      | Reached * piety under Okawaru
  8129 | D:7      | Noticed Menkaure
  8143 | D:7      | Killed Menkaure
  8143 | D:7      | Reached skill level 8 in Axes
  8768 | D:7      | Reached ** piety under Okawaru
  9198 | D:8      | Reached XP level 10. HP: 33/60 MP: 10/10
  9752 | D:9      | Noticed a two-headed ogre
  9766 | D:9      | Killed a two-headed ogre
  9766 | D:9      | Reached *** piety under Okawaru
  9766 | D:9      | Reached skill level 9 in Axes
  9767 | D:9      | Found a basalt altar of Yredelemnul.
 10040 | D:9      | Found Luup's Magic Scroll Emporium.
 10051 | D:9      | Bought a scroll of remove curse for 36 gold pieces
 10377 | D:9      | Found a staircase to the Lair.
 10505 | D:9      | Found Yhupont's Food Shoppe.
 10656 | D:9      | Noticed a two-headed ogre
 10666 | D:9      | Killed a two-headed ogre
 10666 | D:9      | Reached **** piety under Okawaru
 10770 | D:9      | Found Poruatha's Antique Armour Shoppe.
 10775 | D:9      | Bought a pair of glowing gloves for 187 gold pieces
 10775 | D:9      | Bought a pair of runed boots for 187 gold pieces
 10811 | D:9      | Found Iskywasu's Antique Armour Shoppe.
 10819 | D:9      | Bought a pair of encrusted boots for 228 gold pieces
 10830 | D:9      | Identified the +0 pair of boots of the Stars {Int+2} (You bought it in a shop on level 9 of the Dungeon)
 10899 | D:9      | Reached skill level 10 in Axes
 10933 | Lair:1   | Entered Level 1 of the Lair of Beasts
 11132 | Lair:1   | Noticed Joseph
 11151 | Lair:1   | Reached XP level 11. HP: 66/66 MP: 11/11
 11517 | Lair:1   | Killed Joseph
 11517 | Lair:1   | Reached ***** piety under Okawaru
 13197 | Lair:1   | Reached skill level 11 in Axes
 13829 | Lair:2   | Noticed a death yak
 13837 | Lair:2   | Noticed a death yak
 13843 | Lair:2   | Noticed a death yak
 13864 | Lair:1   | Killed a death yak
 14011 | Lair:1   | Killed a death yak
 14011 | Lair:1   | Received a gift from Okawaru
 14139 | Lair:2   | Got a pair of ancient gloves
 14150 | Lair:2   | Identified the +2 pair of gloves of Light {rPois MR- Str+5} (You found it on level 2 of the Lair of Beasts)
 14190 | Lair:2   | Reached ****** piety under Okawaru
 14396 | Lair:1   | Reached XP level 12. HP: 58/74 MP: 12/12
 14545 | Lair:1   | Killed a death yak
 14749 | Lair:2   | Reached skill level 10 in Shields
 14752 | Lair:2   | Got an iridescent war axe
 14760 | Lair:2   | Identified the Catalogue of Shifting Attacks
 15099 | Lair:2   | Identified the +6 war axe "Killer Bee's Bane" {flame, MR- Str+5 Int+7} (You found it on level 2 of the Lair of Beasts)
 15481 | Lair:3   | Noticed a five-headed hydra
 15488 | Lair:3   | Killed a five-headed hydra
 15803 | Lair:3   | Found a runed door.
 15839 | Lair:3   | Found a staircase to the Swamp.
 16066 | Lair:3   | Reached skill level 1 in Maces & Flails
 16171 | Lair:3   | Reached skill level 10 in Armour
 16331 | Lair:3   | Noticed a seven-headed hydra
 16347 | Lair:3   | Slain by a seven-headed hydra

Skill      XL: |  1  2  3  4  5  6  7  8  9 10 11 12 |
---------------+-------------------------------------+-----
Axes           | 2 3 4 5 6 8 10 11 | 11.9
Shields        | 4 5 6 7 8 9 10 | 10.3
Fighting       | 4 5 6 8 |  8.8
Armour         | 4 5 6 7 9 10 | 10.0
Dodging        | 1 2 3 4 |  4.2
Stealth        | 1 |  1.9
Maces & Flails | 1 |  1.0
Throwing       | |  0.3
Evocations     | |  0.6

Action                   |  1- 3 |  4- 6 |  7- 9 | 10-12 || total
-------------------------+-------+-------+-------+-------++-------
Melee: War axe           |   128 |   185 |   253 |    68 ||   634
       Hand axe          |       |       |   273 |   612 ||   885
       Flail             |       |       |       |    13 ||    13
Throw: Throwing net      |       |     2 |       |       ||     2
Invok: Heroism           |       |       |       |     4 ||     4
Evoke: Wand              |       |       |       |     3 ||     3
  Use: Scroll            |       |     1 |     7 |     1 ||     9
       Potion            |       |       |     1 |     1 ||     2
  Eat: Chunk             |     2 |     7 |    19 |    21 ||    49
       Fruit             |       |       |       |     3 ||     3
Armor: Scale mail        |    72 |   101 |   172 |       ||   345
       Skin              |       |       |    23 |       ||    23
       Chain mail        |       |       |   136 |   287 ||   423
Dodge: Dodged            |    34 |    56 |   163 |   160 ||   413
Block: Shield            |    73 |    87 |   295 |   284 ||   739
